 Dungeon Crawl Stone Soup version 0.26-a0-576-gcfaa98f945 (webtiles) character file.

Game seed: 2174508820167196098

269930 alhambra the Lord of Darkness (level 20, -3/187 HPs)
             Began as a Naga Ice Elementalist on Aug 22, 2020.
             Was the Champion of Kikubaaqudgha.
             Killed from afar by a manticore (23 damage)
             ... with a volley of spikes
             ... on level 4 of the Shoals.
             The game lasted 02:13:28 (63778 turns).

alhambra the Lord of Darkness (NaIE)               Turns: 63778, Time: 02:13:29

Health: -3/187     AC: 11    Str: 16      XL:     20   Next: 60%
Magic:  20/37      EV: 19    Int: 20 (22) God:    Kikubaaqudgha [******]
Gold:   2180       SH:  5    Dex: 19      Spells: 2/45 levels left

rFire    . . .     SeeInvis +   J - +9 scimitar of Pandemonium {vorpal, Int+4}
rCold    + . .     Faith    .   R - +0 buckler
rNeg     . . .     Spirit   .   s - +2 robe {Archmagi}
rPois    +         Reflect  .   (no helmet)
rElec    +         Harm     .   L - +0 cloak
rCorr    .                      Y - +0 pair of gloves of the Mind {rElec MR+}
MR       +++..                  (no barding)
Stlth    ++++++....             u - amulet of Aryphacw {Regen+ Dex+2}
HPRegen  0.81/turn              w - +4 ring of slaying
MPRegen  0.25/turn              S - ring "Jiach" {*Drain rC+ Slay+4 Stlth+}

@: short of breath, barbed spikes, very slow
A: large, thin skeletal structure 1, see invisible, deformed body, poison
resistance, slowness 2, spit poison 1, strong 1, wild magic 1, constrict 1, AC
+6
}: 1/15 runes: serpentine
a: Spit Poison, Receive Corpses, Torment, Renounce Religion


You were on level 4 of the Shoals.
You worshipped Kikubaaqudgha.
Kikubaaqudgha was exalted by your worship.
You visited 7 branches of the dungeon, and saw 35 of its levels.
You also visited: Trove and Ice Cave.

You collected 5995 gold pieces.
You spent 3815 gold pieces at shops.

Inventory:

Hand Weapons
 J - the +9 scimitar of Pandemonium (weapon) {vorpal, Int+4}
   (You bought it in a shop on level 5 of the Dungeon)

   It inflicts extra damage upon your enemies.
   It affects your intelligence (+4).
Armour
 s - a +2 robe of the Archmagi (worn)
 L - a +0 cloak (worn)
 R - a +0 buckler (worn)
 Y - the +0 pair of gloves of the Mind (worn) {rElec MR+}
   (You found it on level 13 of the Dungeon)

   It insulates you from electricity.
   It affects your resistance to hostile enchantments.
Jewellery
 j - a +6 ring of intelligence
 n - a +6 ring of intelligence
 u - the amulet of Aryphacw (around neck) {Regen+ Dex+2}
   (You found it on level 2 of the Shoals)

   [amulet of regeneration]

   It affects your dexterity (+2).
   It increases your rate of regeneration.
 w - a +4 ring of slaying (left hand)
 y - an uncursed amulet of the acrobat
 S - the ring "Jiach" (right hand) {*Drain rC+ Slay+4 Stlth+}
   (You found it on level 2 of the Lair of Beasts)

   [ring of stealth]

   It affects your accuracy and damage with ranged weapons and melee attacks
   (+4).
   It protects you from cold.
   It causes draining when unequipped.
   It makes you more stealthy.
Wands
 e - a wand of digging (3)
 f - a wand of iceblast (69)
 p - a wand of acid (29)
 q - a wand of disintegration (29)
 D - a wand of paralysis (20)
Scrolls
 d - 2 scrolls of enchant armour
 h - 3 scrolls of silence
 i - 18 scrolls of teleportation
 k - 2 scrolls of remove curse
 o - 5 scrolls of magic mapping
 r - 4 scrolls of amnesia
 F - 6 scrolls of fog
 K - 4 scrolls of summoning
 P - 2 scrolls of blinking
 W - 7 scrolls of identify
Potions
 a - a potion of resistance
 b - 14 potions of curing
 c - 2 potions of might
 g - 3 potions of ambrosia
 l - a potion of heal wounds
 t - 2 potions of brilliance
 x - 8 potions of mutation
 z - 3 potions of invisibility
 E - 6 potions of lignification
 H - 4 potions of haste
 I - 3 potions of magic
 U - 4 potions of stabbing
 X - 3 potions of flight
Miscellaneous
 m - a phantom mirror
 C - a phial of floods
 Q - a condenser vane (2/2)


   Skills:
 - Level 13.1 Fighting
 - Level 12.1 Long Blades
 - Level 12.2 Dodging
 - Level 10.5 Stealth
 - Level 2.4 Shields
 - Level 13.0 Spellcasting
   Level 2.7 Summonings
 - Level 18.7 Necromancy
 * Level 4.2 Transmutations
 - Level 11.6 Ice Magic
 * Level 10.3 Earth Magic
 - Level 7.1 Evocations


You had 2 spell levels left.
You knew the following spells:

 Your Spells              Type           Power        Failure   Level
a - Freeze                Ice            ####         1%          1
b - Frozen Ramparts       Ice            ######       1%          3
c - Infestation           Necr           ########..   22%         8
d - Ozocubu's Armour      Ice            #######.     1%          3
e - Vampiric Draining     Necr           ########..   1%          3
f - Borgnjor's Vile Clut  Necr/Erth      #######...   1%          5
g - Dispel Undead         Necr           ########     1%          4
h - Death Channel         Necr           ########..   1%          6
i - Sublimation of Blood  Necr           ########..   1%          2
j - Blink                 Tloc           N/A          12%         2
k - Statue Form           Tmut/Erth      ######...    45%         6

Your spell library contained the following spells:

 Spells                   Type           Power        Failure   Level
 Animate Skeleton         Necr           ######       1%          1
 Beastly Appendage        Tmut           ######       1%          1
 Pain                     Necr           ####         1%          1
 Sandblast                Erth           ######       1%          1
 Corpse Rot               Necr/Air       N/A          1%          2
 Ensorcelled Hibernation  Hex/Ice        ######       1%          2
 Passwall                 Tmut/Erth      ######..     1%          2
 Wereblood                Tmut           ######..     2%          2
 Sting                    Tmut/Pois      ####         4%          1
 Call Imp                 Summ           #####...     4%          2
 Apportation              Tloc           ####..       8%          1
 Corona                   Hex            ####...      8%          1
 Magic Dart               Conj           ####         8%          1
 Shock                    Conj/Air       ####         8%          1
 Poisonous Vapours        Pois/Air       ####..       12%         2
 Slow                     Hex            ####....     12%         2
 Animate Dead             Necr           ########..   1%          4
 Agony                    Necr           ########     1%          5
 Excruciating Wounds      Necr           ########..   1%          5
 Ice Form                 Ice/Tmut       ######..     3%          4
 Simulacrum               Ice/Necr       #######...   3%          6
 Summon Ice Beast         Ice/Summ       ######..     4%          4
 Hailstorm                Conj/Ice       ######..     8%          4
 Spider Form              Tmut/Pois      #####.....   10%         3
 Leda's Liquefaction      Hex/Erth       ######....   10%         4
 Ozocubu's Refrigeration  Ice            #######...   11%         6
 Ignite Poison            Fire/Tmut/Pois #####...     13%         3
 Confusing Touch          Hex            ####....     22%         3
 Conjure Flame            Conj/Fire      ####....     22%         3
 Dazzling Flash           Conj/Hex       ####..       22%         3
 Inner Flame              Hex/Fire       ####....     22%         3
 Lesser Beckoning         Tloc           ####......   22%         3
 Mephitic Cloud           Conj/Pois/Air  ####....     22%         3
 Portal Projectile        Hex/Tloc       ####..       22%         3
 Static Discharge         Conj/Air       ####....     22%         3
 Tukima's Dance           Hex            ####....     22%         3
 Borgnjor's Revivificati  Necr           ########..   22%         8
 Blade Hands              Tmut           ######....   34%         5
 Bolt of Magma            Conj/Fire/Erth ######....   43%         5
 Cause Fear               Hex            ####......   54%         4
 Olgreb's Toxic Radiance  Pois           ####....     54%         4
 Haunt                    Necr/Summ      #######...   56%         7
 Alistair's Intoxication  Tmut/Pois      #####....    61%         5
 Iron Shot                Conj/Erth      ######....   75%         6
 Silence                  Hex/Air        ####......   86%         5
 Death's Door             Necr           ########..   96%         9
 Shadow Creatures         Summ           N/A          97%         6
 Necromutation            Tmut/Necr      #######...   98%         8
 Conjure Ball Lightning   Conj/Air       ####......   100%        6
 Invisibility             Hex            ####....     100%        6
 Shatter                  Erth           #######...   100%        9
 Tornado                  Air            ####......   100%        9


Dungeon Overview and Level Annotations

Branches:
Dungeon (15/15)            Temple (1/1) D:7            Lair (6/6) D:8
 Shoals (4/4) Lair:3        Snake (4/4) Lair:3        Slime (0/5) Lair:5
    Orc (2/2) D:11            Elf (3/3) Orc:2        Vaults (0/5) D:13
 Depths (0/5) D:15          IceCv (visited)

Altars:
Cheibriados
Dithmenos
Elyvilon
Gozag
Kikubaaqudgha
Makhleb
Ru
Trog
Vehumet
Wu Jian
Xom
Yredelemnul
The Shining One
Beogh

Shops:
D:4 =   D:5 *   D:9 *   D:12 ?   D:13 [   Orc:2 ?}*:   Elf:1 }   Shoals:1 [
Snake:2 *

Annotations:
D:4 1 runed translucent door, rasy's ghost, novice MiFi
D:5 2 transporters
D:7 3 runed translucent doors, rasy's ghost, novice MiFi
Elf:2 3 runed translucent doors


Innate Abilities, Weirdness & Mutations

You cannot wear boots.
Your serpentine skin is tough. (AC +6)
You have supernaturally acute eyesight. (SInv)
Armour fits poorly on your strangely shaped body.
Your system is resistant to poisons. (rPois)
You cover ground very slowly.
You can spit poison.
You can use your snake-like lower body to constrict enemies.
You have a somewhat thin skeletal structure. (Dex +2, Stealth)
Your muscles are strong. (Str +2)
Your spells are a little harder to cast, but a little more powerful.


Message History

* * * LOW HITPOINT WARNING * * *
A merfolk comes into view. It is wielding a +0 trident.
Casting: Borgnjor's Vile Clutch (mildly dangerous; 1% risk of failure)
Confirm with . or Enter, or press ? or * to list all spells.
Aiming: Borgnjor's Vile Clutch (mildly dangerous; 1% risk of failure)
Press: ? - help, Shift-Dir - straight line, f/p - manticore
Aim: a manticore (severely wounded)
You feel a surge of power!
Zombie hands grab the manticore.
The merfolk shouts!
The zombie hands constrict the manticore.
A wind drake comes into view.
The manticore struggles to escape constriction.
The zombie hands constrict the manticore!
A wind drake comes into view.
The manticore flicks its tail.
The volley of spikes hits you!!
The barbed spikes become lodged in your body.
You die...
Kikubaaqudgha rasps: "You have failed me!
Welcome... death!"

≈≈≈≈≈≈≈≈≈≈≈≈≈≈≈≈
≈≈≈≈≈≈≈≈≈≈≈≈≈≈≈≈≈≈≈≈..
≈≈≈≈≈≈≈≈≈≈≈≈≈≈≈≈≈≈≈≈≈.
≈≈≈≈≈≈≈≈≈≈≈≈≈≈≈≈≈≈≈≈≈≈≈
m≈≈≈≈≈≈≈≈≈≈≈≈≈≈≈≈≈≈≈.≈≈
≈....≈≈≈≈≈≈...≈≈≈≈≈≈≈.
......≈≈.......≈≈≈≈≈≈.
..#...≈≈..≈≈≈....≈≈≈≈.
≈.##.?.≈≈@.≈≈).........
≈≈.....≈)..≈≈).........
≈≈≈≈≈≈.<...............
≈≈≈≈≈≈...H.............
≈≈≈≈≈≈≈...........≈≈..?
≈≈≈≈≈≈≈.........k.≈≈≈≈.
≈≈≈≈≈≈≈........m≈≈≈≈≈≈≈
≈≈≈≈≈≈≈.........k≈≈≈≈≈≈
≈≈≈≈≈≈...≈≈≈...≈≈≈≈≈≈≈≈


You could see 2 wind drakes, a merfolk and a manticore (clutched).

Vanquished Creatures
  3 deep elf blademasters (Elf:3)
  3 deep elf master archers (Elf:3)
  Roxanne (Shoals:4)
  Agnes (D:14)
  4 deep elf sorcerers (Elf:3)
  5 nagarajas (Snake:4)
  The ghost of Execuda the Cleaver, a journeyman TrBe of Trog (Lair:6)
  An orc warlord (Orc:1)
  3 deep elf elementalists (Elf:3)
  The ghost of Lagapta the Black Belt, a journeyman OpDe of Cheibriados (D:15)
  4 deep elf demonologists (Elf:3)
  8 deep elf annihilators
  A minotaur (Lair:6)
  2 merfolk impalers (Shoals:2)
  4 deep elf death magi
  4 ogre magi
  The ghost of hab5 the Fighter, a journeyman MiBe of Trog (D:13)
  The ghost of chispire the Blocker, a journeyman MiBe of Trog (Lair:2)
  4 deep elf high priests
  A catoblepas (Lair:5)
  4 hydras
  8 vault guards (D:13)
  12 naga warriors
  2 merfolk avatars
  2 merfolk aquamancers
  9 anacondas
  An alligator snapping turtle (Shoals:2)
  19 two-headed ogres
  7 dancing weapons
  4 centaur warriors (D:15)
  A satyr (Shoals:3)
  2 tengu warriors (D:14)
  An orc high priest (Orc:2)
  10 shock serpents
  14 naga sharpshooters
  3 death yaks (Lair:1)
  11 deep elf knights
  A salamander mystic (Snake:4)
  4 skeletal warriors (D:12)
  2 unseen horrors
  2 deep trolls (Orc:2)
  6 naga ritualists
  21 sea snakes
  A wizard (D:15)
  A harpy (shapeshifter) (D:13)
  16 deep elf archers
  7 mana vipers
  2 orc knights (Orc:1)
  3 harpies
  An orc sorcerer (Elf:3)
  4 oklob plants (Lair:3)
  8 fauns
  6 cyclopes
  5 manticores
  55 deep elf magi
  21 ugly things
  5 salamanders
  A moth of wrath (D:13)
  20 elephants
  12 merfolk sirens
  40 black mambas
  2 water nymphs (Shoals:3)
  An ice statue (IceCv)
  A gargoyle (D:14)
  18 naga magi
  9 guardian serpents
  6 cane toads
  2 freezing wraiths (IceCv)
  7 rime drakes
  10 komodo dragons
  5 yaktaurs (D:15)
  An efreet (D:15)
  2 ice devils (IceCv)
  A golden dragon simulacrum (IceCv)
  5 tengu conjurers
  A guardian mummy (Elf:1)
  11 trolls
  2 meliai (D:15)
  4 polar bears
  A queen bee (shapeshifter) (Elf:1)
  A queen bee (D:15)
  5 blink frogs (Lair:4)
  12 merfolk
  3 hornets
  2 wind drakes
  6 snapping turtles
  5 slime creatures
  7 dream sheep
  9 hippogriffs
  Sigmund (D:3)
  2 air elementals
  A redback (shapeshifter) (Elf:2)
  9 water elementals
  A shadow (D:12)
  7 wyverns
  3 wraiths
  25 yaks
  A tarantella (shapeshifter) (Elf:2)
  A yak (shapeshifter) (D:14)
  2 fire elementals (Elf:1)
  2 basilisks (Lair:6)
  2 hogs (D:14)
  53 nagas
  6 wargs
  2 iron troll simulacra (IceCv)
  2 harpy simulacra (IceCv)
  6 water moccasins
  2 hydra simulacra (IceCv)
  24 orc warriors
  3 porcupines
  5 sky beasts
  An alligator simulacrum (IceCv)
  2 eyes of draining
  8 ice beasts
  11 wolves
  29 ogres
  9 centaurs
  13 crocodiles
  18 bullfrogs
  3 earth elementals (Elf:2)
  3 water moccasin skeletons
  A scorpion (D:7)
  10 killer bees
  9 wights
  2 howler monkeys (D:8)
  12 electric eels
  A quasit (D:8)
  3 draconian simulacra (IceCv)
  10 hounds
  A bullfrog skeleton (D:11)
  13 orc priests
  4 jellies
  4 centaur skeletons
  Jessica (D:2)
  2 iguanas (D:9)
  22 orc wizards
  A spriggan simulacrum (IceCv)
  2 troll simulacra (IceCv)
  4 hell rats (Lair:4)
  5 worker ants
  A killer bee zombie (D:10)
  A wolf simulacrum (IceCv)
  2 centaur simulacra (IceCv)
  A hound zombie (D:9)
  2 hound skeletons
  A howler monkey zombie (D:5)
  A worker ant zombie (D:7)
  A howler monkey skeleton (D:5)
  12 gnolls
  9 adders
  A naga simulacrum (IceCv)
  An ogre simulacrum (IceCv)
  2 shadow imps
  6 white imps
  An ooze (D:1)
  7 ufetubi
  2 adder zombies (D:7)
  2 adder skeletons
  3 worms
  5 leopard geckos
  74 orcs
  5 giant cockroaches
  4 goblins
  6 hobgoblins
  12 jackals
  6 kobolds
  5 quokkas
  2 ball pythons
  3 bats
  9 frilled lizards
  A quokka skeleton (D:4)
  A quokka zombie (D:9)
  6 rats
  A crawling corpse (Elf:3)
  2 plants
1108 creatures vanquished.

Vanquished Creatures (collateral kills)
  A deep elf blademaster (Elf:3)
  A deep elf master archer (Elf:3)
  A kraken (Shoals:2)
  Kirke (D:14)
  2 nagarajas (Snake:4)
  4 deep elf sorcerers (Elf:3)
  4 deep elf elementalists (Elf:3)
  A deep elf demonologist (Elf:3)
  A deep elf annihilator (Elf:3)
  2 deep elf death magi (Elf:3)
  2 blizzard demons (IceCv)
  2 deep elf high priests (Elf:3)
  4 naga warriors
  A merfolk avatar (Shoals:2)
  A merfolk aquamancer (Shoals:1)
  A dancing weapon (Elf:2)
  A satyr (Shoals:3)
  2 naga sharpshooters
  3 shock serpents (Snake:4)
  An orc high priest (Elf:3)
  A salamander mystic (Snake:4)
  A sea snake (Shoals:2)
  3 deep elf archers
  A naga ritualist (Snake:4)
  3 harpies (Shoals:1)
  An orc knight (D:13)
  6 deep elf magi
  2 ugly things (D:11)
  An orc sorcerer (Elf:2)
  6 mana vipers
  2 cyclopes
  3 manticores
  5 fauns
  2 merfolk sirens
  A guardian serpent (Snake:4)
  9 black mambas
  2 naga magi (Snake:4)
  2 ice devils (IceCv)
  A komodo dragon (D:8)
  A kobold demonologist (D:11)
  2 freezing wraiths (IceCv)
  6 merfolk
  A troll (D:13)
  A slime creature (D:12)
  2 wind drakes
  A snapping turtle (shapeshifter) (Elf:2)
  A snapping turtle (Shoals:2)
  An air elemental (Elf:2)
  4 water elementals
  4 dire elephant simulacra (IceCv)
  A death yak simulacrum (IceCv)
  16 nagas
  2 iron troll simulacra (IceCv)
  2 hydra simulacra (IceCv)
  An orc warrior (Elf:3)
  A black bear (D:7)
  2 ice beasts
  3 ogres
  A centaur (D:9)
  An earth elemental (Elf:2)
  An elephant simulacrum (IceCv)
  2 orc priests
  4 orc wizards
  Ijyb (D:3)
  A troll simulacrum (IceCv)
  2 ogre simulacra (IceCv)
  3 white imps (IceCv)
  3 ufetubi (IceCv)
  A leopard gecko (D:5)
  6 orcs
  A goblin (D:3)
  2 kobolds (D:3)
  A crawling corpse (Elf:3)
  3 tentacles (Shoals:2)
173 creatures vanquished.

Vanquished Creatures (others)
  A wizard (D:4)
  An air elemental (Elf:3)
  3 white imps (IceCv)
  2 ufetubi (IceCv)
  20 fungi
  98 plants
  7 tentacles (Shoals:2)
132 creatures vanquished.

Grand Total: 1413 creatures vanquished

Notes
Turn   | Place    | Note
-------+----------+-------------------------------------------
     0 | D:1      | alhambra the Naga Ice Elementalist began the quest for the
                  | Orb.
     0 | D:1      | Reached XP level 1. HP: 15/15 MP: 3/3
   178 | D:1      | Reached XP level 2. HP: 3/22 MP: 0/5
  1145 | D:2      | Noticed Jessica
  1151 | D:2      | Killed Jessica
  1151 | D:2      | Reached skill level 5 in Ice Magic
  1151 | D:2      | Reached XP level 3. HP: 16/28 MP: 3/6
  1345 | D:2      | Learned a level 3 spell: Frozen Ramparts
  1348 | D:2      | Reached XP level 4. HP: 36/36 MP: 3/7
  1586 | D:2      | Found a faded altar of an unknown god.
  1841 | D:2      | Reached XP level 5. HP: 42/42 MP: 9/9
  2216 | D:3      | Noticed Sigmund
  2223 | D:3      | Learned a level 4 spell: Summon Ice Beast
  2246 | D:3      | Killed Sigmund
  2246 | D:3      | Reached XP level 6. HP: 24/55 MP: 8/10
  2434 | D:3      | Noticed Ijyb
  2446 | D:3      | Killed Ijyb
  3502 | D:4      | Found Suluy's Jewellery Shop.
  3626 | D:4      | Found a runed translucent door.
  3631 | D:4      | Reached XP level 7. HP: 52/62 MP: 11/11
  3740 | D:4      | Noticed rasy's ghost (novice MiFi)
  3886 | D:4      | Found a shadowy altar of Dithmenos.
  4246 | D:4      | Found a bloodstained altar of Trog.
  4247 | D:4      | Noticed a wizard
  4251 | D:4      | Killed a wizard
  4619 | D:5      | Entered Level 5 of the Dungeon
  4624 | D:5      | Learned a level 3 spell: Ozocubu's Armour
  4894 | D:5      | Reached skill level 5 in Spellcasting
  4933 | D:5      | Found Paaji's Assorted Antiques.
  4937 | D:5      | Bought an orange potion for 23 gold pieces
  4937 | D:5      | Bought a scroll labeled BYET JAAMOCOT for 26 gold pieces
  4937 | D:5      | Bought a scroll labeled REMAROA EXKI for 26 gold pieces
  4937 | D:5      | Bought a scroll labeled REMAROA EXKI for 26 gold pieces
  4937 | D:5      | Bought 3 scrolls labeled GEFEPLYCIWK for 78 gold pieces
  5238 | D:5      | Found a transporter.
  5249 | D:5      | Noticed a kobold demonologist
  5257 | D:5      | Reached XP level 8. HP: 69/69 MP: 1/16
  5361 | D:5      | Found a transporter.
  5569 | D:5      | Found a burning altar of Makhleb.
  5910 | D:6      | Found a sacrificial altar of Ru.
  5910 | D:6      | Found a glowing golden altar of the Shining One.
  6693 | D:6      | Reached skill level 5 in Fighting
  7013 | D:7      | Found a runed translucent gate.
  7013 | D:7      | Found a runed translucent gate.
  7013 | D:7      | Found a runed translucent gate.
  7015 | D:7      | Noticed rasy's ghost (novice MiFi)
  7302 | D:7      | Noticed a hippogriff
  7313 | D:7      | Killed a hippogriff
  7313 | D:7      | Reached XP level 9. HP: 21/86 MP: 3/18
  7688 | D:7      | Found an opulent altar of Gozag.
  7711 | D:7      | Found a bloodstained altar of Trog.
  7715 | D:7      | Found a shimmering altar of Xom.
  7875 | D:7      | Found a staircase to the Ecumenical Temple.
  8104 | Temple   | Entered the Ecumenical Temple
  8131 | Temple   | Became a worshipper of Kikubaaqudgha
  8219 | D:7      | Reached skill level 1 in Necromancy
  8615 | D:8      | Reached skill level 2 in Necromancy
  8726 | D:8      | Reached skill level 3 in Necromancy
  9112 | D:8      | Reached skill level 4 in Necromancy
  9268 | D:8      | Reached * piety under Kikubaaqudgha
  9268 | D:8      | Identified Kikubaaqudgha's Guide on Evil (Kikubaaqudgha
                  | gifted it to you on level 8 of the Dungeon)
  9268 | D:8      | Received a gift from Kikubaaqudgha
  9268 | D:8      | Reached skill level 5 in Necromancy
  9375 | D:8      | Noticed a komodo dragon
  9386 | D:8      | Killed a komodo dragon
  9386 | D:8      | Reached skill level 6 in Necromancy
  9422 | D:8      | Found a staircase to the Lair.
  9850 | D:5      | Bought a polished scimitar for 234 gold pieces
  9850 | D:5      | Identified the +9 scimitar of Pandemonium {vorpal, Int+4}
                  | (You bought it in a shop on level 5 of the Dungeon)
 10113 | D:9      | Found Buwynael's Assorted Antiques.
 10114 | D:9      | Reached skill level 1 in Long Blades
 10400 | D:9      | Bought a scroll labeled BYET JAAMOCOT for 35 gold pieces
 10458 | D:9      | Noticed a hornet
 10466 | D:9      | Killed a hornet
 10466 | D:9      | Reached XP level 10. HP: 79/94 MP: 15/19
 10740 | D:9      | Reached skill level 5 in Long Blades
 11162 | D:9      | Bought a scroll labeled BYET JAAMOCOT for 35 gold pieces
 11180 | D:10     | Entered Level 10 of the Dungeon
 11250 | D:10     | Learned a level 3 spell: Vampiric Draining
 11262 | D:10     | Reached ** piety under Kikubaaqudgha
 11522 | D:10     | Noticed an unseen horror
 11526 | D:10     | Killed an unseen horror
 12411 | D:11     | Reached skill level 7 in Necromancy
 12465 | D:11     | Noticed a two-headed ogre
 12473 | D:11     | Killed a two-headed ogre
 12473 | D:11     | Reached skill level 8 in Necromancy
 12518 | D:11     | Noticed a cyclops
 12527 | D:11     | Found a staircase to the Orcish Mines.
 12536 | D:11     | Killed a cyclops
 13026 | D:11     | Noticed a purple ugly thing
 13033 | D:11     | Killed a purple ugly thing
 13033 | D:11     | Reached XP level 11. HP: 85/100 MP: 5/20
 13146 | D:11     | Noticed a brown ugly thing
 13157 | D:11     | Killed a brown ugly thing
 13275 | D:11     | Noticed a two-headed ogre
 13287 | D:11     | Killed a two-headed ogre
 13783 | D:11     | Reached skill level 10 in Stealth
 14230 | D:12     | Reached *** piety under Kikubaaqudgha
 14230 | D:12     | Identified Kikubaaqudgha's Handbook of Evil Magic
                  | (Kikubaaqudgha gifted it to you on level 12 of the Dungeon)
 14230 | D:12     | Received a gift from Kikubaaqudgha
 14248 | D:12     | Learned a level 5 spell: Borgnjor's Vile Clutch
 14339 | D:12     | Reached skill level 1 in Earth Magic
 14763 | D:12     | Noticed a two-headed ogre
 14766 | D:12     | Killed a two-headed ogre
 15022 | D:12     | Noticed a skeletal warrior
 15029 | D:12     | Learned a level 4 spell: Dispel Undead
 15042 | D:12     | Killed a skeletal warrior
 15042 | D:12     | Reached skill level 5 in Earth Magic
 15335 | D:12     | Noticed a skeletal warrior
 15336 | D:12     | Noticed a skeletal warrior
 15351 | D:12     | Noticed a skeletal warrior
 15363 | D:12     | Killed a skeletal warrior
 15764 | D:12     | Killed a skeletal warrior
 15764 | D:12     | Reached XP level 12. HP: 97/109 MP: 12/21
 16129 | D:12     | Found Lacussoth's Magic Scroll Shop.
 16138 | D:12     | Bought a scroll of immolation for 49 gold pieces
 16138 | D:12     | Bought a scroll of identify for 28 gold pieces
 16239 | Orc:1    | Entered Level 1 of the Orcish Mines
 16628 | Orc:2    | Entered Level 2 of the Orcish Mines
 16629 | Orc:2    | Reached **** piety under Kikubaaqudgha
 16884 | Orc:1    | Noticed an orc high priest
 16896 | Orc:2    | Killed an orc high priest
 17221 | Orc:1    | Reached ***** piety under Kikubaaqudgha
 17222 | Orc:1    | Noticed an orc warlord
 17541 | Orc:1    | Found a roughly hewn altar of Beogh.
 17549 | Orc:1    | Killed an orc warlord
 17853 | Orc:1    | Reached skill level 10 in Ice Magic
 18336 | Orc:2    | Noticed an ogre mage
 18340 | Orc:2    | Killed an ogre mage
 18353 | Orc:2    | Noticed a two-headed ogre
 18373 | Orc:2    | Noticed a two-headed ogre
 18375 | Orc:2    | Noticed a two-headed ogre
 18376 | Orc:2    | Found a roughly hewn altar of Beogh.
 18607 | Orc:2    | Killed a two-headed ogre
 18608 | Orc:2    | Killed a two-headed ogre
 18609 | Orc:2    | Noticed a two-headed ogre
 18616 | Orc:2    | Killed a two-headed ogre
 18616 | Orc:2    | Gained mutation: You can use your snake-like lower body to
                  | constrict enemies. [Naga growth]
 18616 | Orc:2    | Reached XP level 13. HP: 66/115 MP: 5/22
 18793 | Orc:2    | Reached skill level 9 in Necromancy
 19175 | Orc:2    | Reached skill level 10 in Necromancy
 19626 | Orc:2    | Noticed an ogre mage
 19638 | Orc:2    | Killed an ogre mage
 19913 | Orc:2    | Reached skill level 11 in Necromancy
 20418 | Orc:2    | Found a staircase to the Elven Halls.
 20431 | Orc:2    | Found Xivie's Magic Scroll Shoppe.
 20431 | Orc:2    | Found Veuzanupn's Gadget Emporium.
 20599 | Orc:2    | Found Kanak's General Store.
 20601 | Orc:2    | Bought a scroll of blinking for 97 gold pieces
 20608 | Orc:2    | Found Zuywog's Book Shoppe.
 20788 | Orc:2    | Bought a condenser vane (2/2) for 300 gold pieces
 20794 | Orc:2    | Bought 2 potions of heal wounds for 140 gold pieces
 20794 | Orc:2    | Bought a potion of haste for 140 gold pieces
 21036 | Lair:1   | Entered Level 1 of the Lair of Beasts
 21286 | Lair:1   | Got a smelly scale mail
 21308 | Lair:1   | Reached skill level 12 in Necromancy
 21558 | Lair:1   | Identified the cursed +1 scale mail "Ypauch" {Str+4 Stlth+}
                  | (You found it on level 1 of the Lair of Beasts)
 22681 | Lair:2   | Found a runed translucent door.
 22682 | Lair:2   | Noticed chispire's ghost (journeyman MiBe)
 22692 | Lair:2   | Killed chispire's ghost
 22692 | Lair:2   | Reached skill level 1 in Shields
 22695 | Lair:2   | Got a sparkling iron ring
 22699 | Lair:2   | Identified the ring "Jiach" {*Drain rC+ Slay+4 Stlth+} (You
                  | found it on level 2 of the Lair of Beasts)
 23270 | Lair:2   | Found a burning altar of Makhleb.
 23283 | Lair:2   | Reached XP level 14. HP: 119/123 MP: 25/25
 23824 | Lair:3   | Found a staircase to the Snake Pit.
 23906 | Lair:3   | Found a staircase to the Shoals.
 24216 | Lair:3   | Got a sheer robe
 24227 | Lair:3   | Identified the cursed +0 robe "Jobbaluz" {Dex+4} (You found
                  | it on level 3 of the Lair of Beasts)
 25313 | Lair:4   | Reached ****** piety under Kikubaaqudgha
 26451 | Lair:5   | Reached skill level 5 in Dodging
 26738 | Lair:4   | Received a gift from Kikubaaqudgha
 27023 | Lair:5   | Found a sacrificial altar of Ru.
 27564 | Lair:5   | Found a staircase to the Slime Pits.
 27696 | Lair:6   | Entered Level 6 of the Lair of Beasts
 27703 | Lair:6   | Reached skill level 1 in Evocations
 27803 | Lair:6   | Found a runed translucent gate.
 27803 | Lair:6   | Found a runed translucent gate.
 27803 | Lair:6   | Found a runed translucent gate.
 27803 | Lair:6   | Noticed Execuda's ghost (journeyman TrBe)
 28554 | Lair:6   | Reached skill level 5 in Evocations
 28890 | Lair:6   | Reached XP level 15. HP: 98/136 MP: 21/26
 28903 | Lair:6   | Got a bloodstained glaive
 28904 | Lair:6   | Identified the cursed +1 glaive "Irrukk" {drain, +Blink rC+
                  | Int+4} (You found it on level 6 of the Lair of Beasts)
 29853 | Lair:6   | Killed Execuda's ghost
 29915 | Lair:6   | Learned a level 6 spell: Simulacrum
 30373 | D:13     | Found a transporter.
 30378 | D:13     | Found a transporter.
 30387 | D:13     | Found a bloodstained altar of Trog.
 30395 | D:13     | Identified the cursed +0 broad axe of Cuptocuf {venom, MP+9
                  | Int+3 Dex+3}
 30395 | D:13     | Noticed hab5's ghost (journeyman MiBe)
 30438 | D:13     | Killed hab5's ghost
 30457 | D:13     | Got a pair of ichor-stained gloves
 30495 | D:13     | Identified the +0 pair of gloves of the Mind {rElec MR+}
                  | (You found it on level 13 of the Dungeon)
 30719 | D:13     | Found Ruhost's Armour Shoppe.
 30979 | D:13     | Found a gate to the Vaults.
 30991 | D:13     | Reached skill level 10 in Dodging
 31454 | D:14     | Found a white marble altar of Elyvilon.
 32237 | D:14     | Noticed Agnes
 32244 | D:14     | Killed Agnes
 32435 | D:14     | Noticed Kirke
 32444 | D:14     | Killed Kirke
 33600 | D:15     | Entered Level 15 of the Dungeon
 33742 | D:15     | Found a transporter.
 33742 | D:15     | Found a transporter.
 33743 | D:15     | Noticed Lagapta's ghost (journeyman OpDe)
 33824 | D:15     | Reached XP level 16. HP: 144/144 MP: 7/27
 34341 | D:15     | Reached skill level 10 in Long Blades
 35300 | D:15     | Found a staircase to the Depths.
 35531 | D:15     | Killed Lagapta's ghost
 36154 | Snake:1  | Entered Level 1 of the Snake Pit
 36964 | Snake:1  | Reached skill level 13 in Necromancy
 37707 | Snake:2  | Found Inlim's General Store.
 38353 | Snake:2  | Reached skill level 14 in Necromancy
 38870 | Snake:2  | Reached XP level 17. HP: 146/151 MP: 23/28
 40469 | Snake:3  | Reached skill level 15 in Necromancy
 41682 | Snake:3  | Reached skill level 16 in Necromancy
 43552 | Elf:1    | Entered Level 1 of the Elven Halls
 45193 | Elf:1    | Found Boyhot's Gadget Shop.
 45297 | Elf:1    | Found a portal to a secret trove of treasure.
 45474 | Elf:1    | Reached skill level 10 in Spellcasting
 45474 | Elf:1    | Reached XP level 18. HP: 89/159 MP: 30/32
 45675 | Elf:1    | Learned a level 8 spell: Infestation
 45736 | Elf:1    | Found the +9 staff of Olgreb {rPois∞}
 46287 | D:4      | Bought the ring of Phasing {EV+8} for 1408 gold pieces
 46287 | D:4      | Found the ring of Phasing {EV+8}
 47255 | Elf:1    | You paid a toll of the ring of Phasing to enter a treasure
                  | trove
 47256 | Trove    | Entered a treasure trove
 47276 | Trove    | Got a sapphire triple sword
 47282 | Trove    | Found the cursed +14 obsidian axe {vorpal, +Fly SInv
                  | *Curse}
 47302 | Trove    | Got a brightly glowing demon blade
 47310 | Trove    | Got a twisted scimitar
 47398 | Elf:1    | Identified the +1 scimitar of Midwinter {vorpal, Str+5
                  | Int+3} (You found it in a treasure trove)
 47399 | Elf:1    | Identified the +2 demon blade "Emigig" {vamp, rC+} (You
                  | found it in a treasure trove)
 47400 | Elf:1    | Identified the +2 triple sword "Miogex" {holy, Int+3} (You
                  | found it in a treasure trove)
 47565 | Elf:2    | Reached skill level 17 in Necromancy
 48555 | Elf:2    | Found a runed translucent gate.
 48555 | Elf:2    | Found a runed translucent gate.
 48555 | Elf:2    | Found a runed translucent gate.
 49405 | Snake:4  | Entered Level 4 of the Snake Pit
 50269 | Snake:4  | Reached skill level 18 in Necromancy
 51350 | Snake:4  | Learned a level 6 spell: Death Channel
 52520 | Snake:4  | Reached XP level 19. HP: 111/165 MP: 25/34
 52527 | Snake:4  | Got a serpentine rune of Zot
 54128 | Elf:1    | Learned a level 2 spell: Sublimation of Blood
 54221 | Elf:3    | Entered Level 3 of the Elven Halls
 54274 | Elf:3    | Found a frozen archway.
 54365 | IceCv    | Entered an ice cave
 55058 | IceCv    | HP: 6/165 [eight-headed hydra simulacrum (7)]
 55836 | IceCv    | Learned a level 2 spell: Blink
 55873 | IceCv    | Identified the Disquisition on Aerial Stolen Souls
 55901 | IceCv    | Got a warped whip
 55962 | Elf:3    | Identified the +7 whip of Qoll {vorpal, +Blink rElec Str+4
                  | Int+3} (You found it in an ice cave)
 57021 | Elf:3    | Reached skill level 10 in Fighting
 57549 | Elf:3    | Identified the ring of Paameul {Ice rN++}
 57572 | Elf:3    | Identified the +10 dagger "Mucryry" {venom, rN+ Str+4}
 57578 | Elf:3    | Identified the +2 plate armour of Noadghy {+Inv MR+ Str+2
                  | Stlth-}
 58403 | Elf:3    | Reached XP level 20. HP: 156/186 MP: 37/37
 58950 | Elf:3    | Identified the Disquisition on Freezing Lightness
 59372 | Orc:2    | Bought a book of the Earth for 1170 gold pieces
 59381 | Orc:2    | Learned a level 6 spell: Statue Form
 59656 | Shoals:1 | Entered Level 1 of the Shoals
 61100 | Shoals:1 | Reached skill level 1 in Transmutations
 61172 | Shoals:1 | Found Filabif's Armour Emporium.
 61813 | Shoals:2 | Found a transporter.
 61988 | Shoals:2 | Found a transporter.
 62024 | Shoals:2 | Gained mutation: You are frail. (-10% HP) [mutagenic glow]
 62035 | Shoals:2 | Gained mutation: You expend magic power (3 MP) to
                  | strengthen your wands. [mutagenic glow]
 62086 | Shoals:2 | Gained mutation: You are weak. (Str -2) [mutagenic glow]
 62363 | Shoals:2 | Lost mutation: You are frail. (-10% HP) [potion of
                  | mutation]
 62363 | Shoals:2 | Lost mutation: You are weak. (Str -2) [potion of mutation]
 62363 | Shoals:2 | Lost mutation: You expend magic power (3 MP) to strengthen
                  | your wands. [potion of mutation]
 62363 | Shoals:2 | Gained mutation: Your muscles are strong. (Str +2) [potion
                  | of mutation]
 62363 | Shoals:2 | Gained mutation: You have a somewhat thin skeletal
                  | structure. (Dex +2, Stealth) [potion of mutation]
 62363 | Shoals:2 | Gained mutation: Your spells are a little harder to cast,
                  | but a little more powerful. [potion of mutation]
 62378 | Shoals:2 | Got a wavering lapis lazuli ring
 62390 | Shoals:2 | Got a fine garnet amulet
 62398 | Shoals:2 | Identified a scroll of acquirement
 62405 | Shoals:2 | Identified the amulet of Aryphacw {Regen+ Dex+2} (You found
                  | it on level 2 of the Shoals)
 62407 | Shoals:2 | Identified the ring "Byphiofe" {rPois rF+ rN++ Int-5 SInv}
                  | (You found it on level 2 of the Shoals)
 62420 | Shoals:2 | Acquired 1240 gold pieces
 63371 | Shoals:3 | Reached skill level 10 in Earth Magic
 63728 | Shoals:4 | Entered Level 4 of the Shoals
 63728 | Shoals:4 | Identified Roxanne's Grimoire of the Mountains
 63728 | Shoals:4 | Noticed Roxanne
 63741 | Shoals:4 | Killed Roxanne
 63767 | Shoals:4 | HP: 7/187 [manticore/volley of spikes (4)]
 63778 | Shoals:4 | Killed from afar by a manticore

Illustrated notes

Levels and vault maps discovered:
D:1:      dpeg_arrival_central, layout_basic, fountainhead
D:2:      layout_loops_ring, chequers_ecumenical_altar_simple_redux,
          minmay_misc_feat_alley, hex_medium, uniq_jessica
D:3:      layout_basic, uniq_sigmund, uniq_ijyb
D:4:      layout_gridville, nicolae_dithmenos_through_a_glass_darkly,
          ebering_ghost_sewer_d, serial_shops, shop, trog_wizard
D:5:      gammafunk_wand_slinger, layout_rooms, nicolae_overflow_crystal_walls,
          serial_shops, shop, kennysheep_generic_room_15
D:6:      layout_basic, gammafunk_temple_overflow_elements, serial_glass,
          glass_columns_a, glass_columns_c
D:7:      layout_layer_cave, grunt_temple_overflow_open,
          gammafunk_ghost_necromancy
D:8:      lemuel_ice_spiral_2, layout_basic, david_lair_shrubbed
D:9:      layout_gridville, serial_shops, shop
D:10:     layout_gridville
D:11:     layout_basic, orc_0_dummy, kennysheep_cross_room,
          nrook_guardian_serpent_ordinary
D:12:     layout_basic, serial_shops, shop
D:13:     layout_loops_ring, erik_vaults_2, serial_shops, shop,
          gammafunk_ghost_wrathful_warriors
D:14:     layout_stronghold, elyvilon_altar_1, uniq_agnes, uniq_kirke
D:15:     grunt_enter_depths_magical_seal, layout_irregular_city,
          gammafunk_ghost_hive, minivault_26, dk_noncrumbling_3
Temple:   regret_index_temple_waves
Lair:1:   layout_cave_pods
Lair:2:   layout_chaotic_city, gammafunk_ghost_grave, basic_altar, minivault_27,
          cheibrodos_lair_lostbears, lemuel_fruit_fields
Lair:3:   layout_regular_city, elwin_shoals_entry_stream,
          guppyfry_snake_entry_garden, infiniplex_staircase_pool,
          minmay_lair_oklob_chamber, grunt_megastairs_4, lemuel_fruit_fields
Lair:4:   layout_layer_cave, grunt_megastairs_2
Lair:5:   layout_regular_city, dpeg_slime_entry_corner, basic_altar,
          serial_bayou_shore_a, grunt_megastairs_3
Lair:6:   gammafunk_lair_ancient_temple, layout_hall_layers,
          maelrawn_ghost_gauntlet_escape, serial_bayou_pond_e,
          serial_bayou_lagoon_b
Shoals:1: layout_shoals, serial_shops, nicolae_shop_behind_doors
Shoals:2: gammafunk_its_a_trap, layout_shoals
Shoals:3: argonaut_golden_fleece, layout_shoals
Shoals:4: shoals_end_grunt_ice, layout_shoals, uniq_roxanne, uniq_polyphemus
Snake:1:  layout_cave_pods
Snake:2:  layout_basic, serial_shops, nicolae_shop_waterfront
Snake:3:  layout_chambers, drop_trap, serial_bayou_pond_e,
          hangedman_snake_corridor_split
Snake:4:  grunt_snake_rune_pools, layout_basic, nrook_guardian_serpent_double
Orc:1:    layout_diamond_mine, basic_altar
Orc:2:    st_orc_open, layout_diamond_mine, basic_altar, nooodl_orcs_dogs
Elf:1:    elf_arrival_001, layout_onion_city, serial_shops, shop,
          nicolae_trove_entry_path_of_doom, kennysheep_underground_church
Elf:2:    layout_gridlike, columned_hall_lemuel
Elf:3:    nooodl_elf_gasket, layout_rooms, portal_ice_cave_entry_pillars_four

Skill      XL: |  1  2  3  4  5  6  7  8  9 10 11 12 13 14 15 16 17 18 19 20 |
---------------+-------------------------------------------------------------+-----
Ice Magic      | 5 6 11 | 11.6
Fighting       | 2 3 7 9 12 13 | 13.1
Summonings     | 2 |  2.7
Spellcasting   | 3 5 6 7 10 11 13 | 13.0
Necromancy     | 6 8 12 14 16 18 | 18.7
Long Blades    | 4 7 9 12 | 12.1
Stealth        | 6 10 | 10.5
Earth Magic    | 7 10 | 10.3
Shields        | 2 |  2.4
Dodging        | 5 12 | 12.2
Evocations     | 6 7 |  7.1
Transmutations | 4 |  4.2

Action                   |  1- 3 |  4- 6 |  7- 9 | 10-12 | 13-15 | 16-18 | 19-21 || total
-------------------------+-------+-------+-------+-------+-------+-------+-------++-------
Melee: Dagger            |    22 |       |       |       |       |       |       ||    22
       Spear             |       |   121 |   271 |       |       |       |       ||   392
       Scimitar          |       |       |    16 |   244 |   383 |   700 |   396 ||  1739
       Constrict         |       |       |       |       |    94 |   174 |    86 ||   354
Throw: Boomerang         |       |       |     7 |    10 |     3 |     7 |       ||    27
       Dart              |       |       |     3 |     4 |       |       |       ||     7
 Cast: Freeze            |    16 |     5 |       |       |       |       |       ||    21
       Frozen Ramparts   |     1 |     5 |    15 |    20 |    40 |    27 |     1 ||   109
       Summon Ice Beast  |       |     4 |    13 |    17 |       |       |       ||    34
       Ozocubu's Armour  |       |       |     1 |     2 |       |       |       ||     3
       Borgnjor's Vile C |       |       |       |    32 |   100 |    80 |    74 ||   286
       Dispel Undead     |       |       |       |     6 |     8 |     2 |     2 ||    18
       Simulacrum        |       |       |       |       |     5 |     7 |       ||    12
       Infestation       |       |       |       |       |       |     9 |    26 ||    35
       Death Channel     |       |       |       |       |       |     1 |     2 ||     3
Invok: Receive Necronomi |       |       |       |       |     1 |       |       ||     1
       Torment           |       |       |       |       |       |     1 |       ||     1
 Abil: Spit Poison       |       |       |     2 |     1 |       |       |     2 ||     5
Evoke: Wand              |       |       |     1 |     4 |     6 |     3 |     4 ||    18
       Condenser vane    |       |       |       |       |     2 |       |     2 ||     4
       Phial of floods   |       |       |       |       |     1 |       |       ||     1
       Phantom mirror    |       |       |       |       |       |       |     1 ||     1
  Use: Scroll            |       |       |     9 |     8 |     7 |     8 |    11 ||    43
       Potion            |       |       |       |       |     8 |     2 |    17 ||    27
 Stab: Sleeping          |     3 |    10 |    11 |     7 |    23 |    32 |     9 ||    95
       Distracted        |       |     3 |     1 |     3 |     3 |     1 |     3 ||    14
       Paralysed         |       |       |     1 |       |       |       |       ||     1
       Held in net/web   |       |       |       |       |       |       |     1 ||     1
Armor: Robe              |       |    22 |    77 |    76 |   104 |   109 |    64 ||   452
Dodge: Dodged            |    16 |    57 |   155 |   141 |   287 |   647 |   328 ||  1631
Block: Buckler           |       |       |       |       |    71 |   153 |    75 ||   299
       Rpst.: Scimitar   |       |       |     3 |    39 |    86 |   111 |    60 ||   299

Table legend: (Time is in decaauts)
 A = Elapsed time spent in this place.
 B = Non-inter-level travel time spent in this place.
 C = Inter-level travel time spent in this place.
 D = Time resting spent in this place.
 E = Time spent auto-exploring this place.
 F = Levels seen in this place.
 G = Mean time per level.
                   A        B        C        D        E       F      G
               +--------+--------+--------+--------+--------+-----+--------+
         Total |  74779 |  68363 |   6416 |  18945 |  38686 |  37 | 2021.1 |
       Dungeon |  28004 |  24902 |   3102 |   4271 |  17262 |  15 | 1866.9 |
        Temple |     72 |     39 |     33 |      0 |     33 |   1 |   72.0 |
          Lair |  11649 |  10676 |    973 |   2273 |   7062 |   6 | 1941.5 |
        Shoals |   4979 |   4815 |    164 |   1166 |   2633 |   4 | 1244.8 |
     Snake Pit |  13002 |  12629 |    373 |   4434 |   6349 |   4 | 3250.5 |
  Orcish Mines |   5936 |   5128 |    808 |   2397 |   1774 |   2 | 2968.0 |
   Elven Halls |   9239 |   8279 |    960 |   3374 |   3451 |   3 | 3079.7 |
         Trove |    177 |    177 |      0 |      0 |     36 |   1 |  177.0 |
      Ice Cave |   1718 |   1718 |      0 |   1028 |     83 |   1 | 1718.0 |
               +--------+--------+--------+--------+--------+-----+--------+

Top non-repeatable levels by time:
 Snake:4: 4196 daAuts
 Snake:3: 3833 daAuts
   Elf:1: 3708 daAuts
   Elf:3: 3074 daAuts
 Snake:2: 3056 daAuts
   Orc:1: 3047 daAuts
   Orc:2: 2888 daAuts
  Lair:6: 2771 daAuts
    D:11: 2746 daAuts
    D:14: 2674 daAuts
    D:15: 2591 daAuts
   Elf:2: 2456 daAuts
     D:7: 2204 daAuts
  Lair:1: 2101 daAuts
    D:12: 2101 daAuts
